 Dungeon Crawl Stone Soup version 0.29-a0-1009-g60c99734e7 (webtiles) character file.

Game seed: 10718496731827871840

36 Manisian the Sneak (level 3, 0/16 HPs)
             Began as a Spriggan Enchanter on Aug 8, 2022.
             Slain by Crazy Yiuf
             ... wielding a +3 quarterstaff of chaos
              (16 damage)
             ... on level 2 of the Dungeon.
             The game lasted 00:02:11 (1463 turns).

Manisian the Sneak (Spriggan Enchanter)             Turns: 1463, Time: 00:02:12

Health: 0/16       AC:  2    Str:  4    XL:     3   Next: 19%
Magic:  8/8        EV: 18    Int: 16    God:
Gold:   60         SH:  0    Dex: 17    Spells: 3/8 levels left

rFire   . . .      SeeInvis +   a - +1 dagger
rCold   . . .      Faith    .   (no shield)
rNeg    . . .      Spirit   .   b - +0 robe
rPois   .          Reflect  .   (helmet restricted)
rElec   .          Harm     .   (no cloak)
rCorr   .          Rampage  .   (gloves unavailable)
Will    .....                   (boots unavailable)
Stlth   +++.......              (no amulet)
HPRegen 0.05/turn               (no ring)
MPRegen 0.11/turn               (no ring)

@: very quick
A: very small, no large weapons, unfitting armour, see invisible, speed 3
a: no special abilities


You were on level 2 of the Dungeon.
You visited 1 branch of the dungeon, and saw 2 of its levels.

You collected 60 gold pieces.

Inventory:

Hand Weapons
 a - a +1 dagger (weapon)
Armour
 b - a +0 robe (worn)
Jewellery
 f - a ring of willpower
Potions
 c - 2 potions of invisibility
 d - a potion of curing


   Skills:
 + Level 1.2 Short Blades
 + Level 3.0 Dodging
 + Level 5.3 Stealth
 + Level 3.1 Spellcasting
 + Level 4.1 Hexes
 + Level 0.1 Ice Magic


You had 3 spell levels left.
You knew the following spells:

 Your Spells              Type           Power      Damage    Failure   Level
a - Ensorcelled Hibernat  Hex/Ice        18%        N/A       12%         2
b - Confusing Touch       Hex            15%        N/A       10%         3

Your spell library contained the following spells:

 Spells                   Type           Power      Damage    Failure   Level
 Tukima's Dance           Hex            15%        N/A       10%         3
 Dazzling Flash           Conj/Hex       18%        N/A       24%         3


Dungeon Overview and Level Annotations

Branches:
Dungeon (2/15)

Altars:

Shops:
D:1 [

Annotations:
D:2 Crazy Yiuf


Innate Abilities, Weirdness & Mutations

You are very small and have problems with some larger weapons.
You are too small for most types of armour.
You have supernaturally acute eyesight. (SInv)
You cover ground extremely quickly. (Speed+++)


Message History

A kobold comes into view. It is wielding a +0 dagger.
A kobold is nearby!
The kobold shouts!
Casting: Ensorcelled Hibernation (safe; 12% risk of failure)
Confirm with . or Enter, or press ? or * to list all spells.
Aiming: Ensorcelled Hibernation (safe; 12% risk of failure)
Press: ? - help, Shift-Dir - straight line, f - kobold
Aim: a kobold, wielding a +0 dagger and quivering stones (chance to affect: 61%)
The kobold looks drowsy...
The helpless kobold fails to defend itself.
You impale the kobold!!
You kill the kobold!
Things that are here:
a +0 dagger; 6 stones; a kobold corpse
Found an escape hatch in the floor.
There is an escape hatch in the floor here.
You open the door.
Found a chain mail.
There is an open door here.
No target in view!
You see here a +0 chain mail.
You now have 60 gold pieces (gained 8).
Found a pair of boots.
You see here a +0 pair of boots.
A dart slug comes into view.
Found an escape hatch in the ceiling.
The helpless dart slug fails to defend itself.
You impale the dart slug!!
You kill the dart slug!
Key pressed, stopping explore.
You see here a ball python corpse.
Could not explore, unopened runed door.
You open the door.
There is an open translucent door here.
The helpless Crazy Yiuf fails to defend himself.
You impale Crazy Yiuf!!
Crazy Yiuf is almost dead.
Crazy Yiuf hits you with a +3 quarterstaff of chaos!
Ouch! That really hurt!
You die...

##### ....###♣♣
##### ###.....♣♣
♣♣#..)#
#......♣♣♣♣.'.@g#
##......♣..♣#...#
##....♣.♣♣♣#####
###♣♣♣♣♣


You could see Crazy Yiuf.

Vanquished Creatures
  2 dart slugs
  3 ball pythons
  7 endoplasms
  2 giant cockroaches
  A goblin (D:2)
  2 hobgoblins
  3 jackals (D:2)
  3 bats (D:1)
  A frilled lizard (D:1)
  A kobold (D:2)
  2 rats
27 creatures vanquished.

Notes
Turn   | Place    | Note
-------+----------+-------------------------------------------
     0 | D:1      | Manisian the Spriggan Enchanter began the quest for the
                  | Orb.
     0 | D:1      | Reached XP level 1. HP: 9/9 MP: 5/5
    98 | D:1      | Found Xethow's Antique Armour Boutique.
   127 | D:1      | Reached XP level 2. HP: 13/13 MP: 6/6
   135 | D:1      | Learned a level 2 spell: Ensorcelled Hibernation
   163 | D:1      | Found a faded altar of an unknown god.
   287 | D:1      | Reached skill level 5 in Stealth
  1057 | D:2      | Reached XP level 3. HP: 16/16 MP: 3/8
  1061 | D:2      | Learned a level 3 spell: Confusing Touch
  1207 | D:2      | Found a runed translucent door.
  1208 | D:2      | Noticed Crazy Yiuf
  1463 | D:2      | Slain by Crazy Yiuf

Illustrated notes

Levels and vault maps discovered:
D:1:      elethiomel_arrival_shortcut, layout_rooms, serial_shops,
          nicolae_shop_waterfront, ebering_ecumenical_altar_mist,
          minmay_tetromino_s4
D:2:      layout_basic, uniq_crazy_yiuf_cottage

Skill      XL: |  1  2 |
---------------+-------+-----
Hexes          | 4 |  4.1
Stealth        | 5 |  5.3
Dodging        | 3 |  3.0
Spellcasting   | 3 |  3.1
Short Blades   | |  1.2
Ice Magic      | |  0.1

Action                   || total
-------------------------++-------
Melee: Dagger            ||    50
 Cast: Ensorcelled Hiber ||    17
  Use: Scroll            ||     1
 Stab: Sleeping          ||    21
       Distracted        ||     1
Armor: Robe              ||     8
Dodge: Dodged            ||    21

Table legend: (Time is in decaauts)
 A = Elapsed time spent in this place.
 B = Non-inter-level travel time spent in this place.
 C = Inter-level travel time spent in this place.
 D = Time resting spent in this place.
 E = Time spent auto-exploring this place.
 F = Levels seen in this place.
 G = Mean time per level.
                   A        B        C        D        E       F      G
               +--------+--------+--------+--------+--------+-----+--------+
         Total |   1081 |   1070 |     11 |      0 |    929 |   2 |  540.5 |
       Dungeon |   1081 |   1070 |     11 |      0 |    929 |   2 |  540.5 |
               +--------+--------+--------+--------+--------+-----+--------+

Top non-repeatable levels by time:
     D:1: 652 daAuts
     D:2: 428 daAuts
